 Dungeon Crawl Stone Soup version 0.24.0-1-gfbc8707122 (webtiles) character file.

Game seed: 10841770731579765172, levelgen mode: deterministic

64832 Esekla the Slicer (level 14, -4/66 HPs)
             Began as a Spriggan Abyssal Knight on Oct 25, 2019.
             Was a High Priest of Lugonu.
             Slain by Urug
             ... wielding a +5 glaive
              (30 damage)
             ... on level 1 of the Orcish Mines on Oct 26, 2019.
             The game lasted 04:21:28 (24447 turns).

Esekla the Slicer (Spriggan Abyssal Knight)        Turns: 24447, Time: 04:21:29

Health: -4/66      AC:  8    Str:  8    XL:     14   Next: 73%
Magic:  17/26      EV: 36    Int: 15    God:    Lugonu [*****.]
Gold:   1589       SH:  5    Dex: 24    Spells: 12/28 levels left

rFire    . . .     SeeInvis +   v - +4 short sword (vamp)
rCold    . . .     Gourm    .   (shield restricted)
rNeg     + . .     Faith    .   H - +4 troll leather armour
rPois    +         Spirit   .   (helmet restricted)
rElec    .         Reflect  +   (no cloak)
rCorr    .         Harm     .   (gloves unavailable)
MR       ++...                  (boots unavailable)
Stlth    ++++++....             y - +5 amulet of reflection
HPRegen  1.61/turn              j - ring of positive energy
MPRegen  0.20/turn              r - ring of poison resistance

@: agile, regenerating, studying Ice Magic, very quick
A: very small, unfitting armour, see invisible, herbivore, speed 3, slow
metabolism 2
a: Depart the Abyss, Bend Space, Banish, Corrupt, Enter the Abyss, Renounce
Religion


You were on level 1 of the Orcish Mines.
You worshipped Lugonu.
Lugonu was extremely pleased with you.
You were not hungry.

You visited 3 branches of the dungeon, and saw 17 of its levels.
You visited the Abyss 2 times.
You also visited: Bailey and Ice Cave.

You collected 1623 gold pieces.
You spent 34 gold pieces at shops.

Inventory:

Hand Weapons
 d - a +5 dagger of distortion
 e - a +1 dagger of electrocution
 f - a +1 spear of freezing
 h - a +2 long sword of holy wrath
 l - a +9 long sword
 p - a +4 falchion of protection
 t - a +1 trident of pain
 v - a +4 vampiric short sword (weapon)
Missiles
 g - 25 poisoned darts (quivered)
 M - 14 curare-tipped darts
 X - 9 boomerangs
Armour
 H - a +4 troll leather armour (worn)
 N - a +0 buckler
 R - the +2 robe "Lusiexu" {+Inv rPois rCorr Dex+4}
   (You found it in a bailey)

   It affects your dexterity (+4).
   It protects you from poison.
   It lets you turn invisible.
   It provides partial protection from all sources of acid and corrosion.
 S - a +0 robe of cold resistance
Jewellery
 a - a +5 ring of strength
 j - a ring of positive energy (left hand)
 r - a ring of poison resistance (right hand)
 w - an uncursed ring of ice
 y - a +5 amulet of reflection (around neck)
 K - an uncursed ring of positive energy
 L - an uncursed amulet of magic regeneration
Wands
 b - a wand of iceblast (50)
 F - a wand of flame (6)
 Q - a wand of random effects (40)
 T - a wand of acid (8)
 V - a wand of paralysis (10)
Scrolls
 i - 2 scrolls of magic mapping
 k - 7 scrolls of amnesia
 m - 3 scrolls of blinking
 n - 4 scrolls of identify
 o - 8 scrolls of teleportation
 q - 3 scrolls of fear
 C - 11 scrolls of remove curse
 J - 5 scrolls of fog
 P - a scroll of acquirement
 Y - a scroll of silence
Potions
 u - 4 potions of cancellation
 z - 2 potions of ambrosia
 B - 2 potions of flight
 E - 4 potions of resistance
 G - 3 potions of brilliance
Books
 U - a manual of Ice Magic
Comestibles
 c - 8 rations


   Skills:
 - Level 4.0 Fighting
 + Level 13.4(14.3) Short Blades
 * Level 6.9(9.7) Long Blades
 - Level 2.6 Throwing
 * Level 0.8 Armour
 + Level 12.9 Dodging
 - Level 10.1 Stealth
 * Level 3.4 Shields
 + Level 7.5 Spellcasting
 * Level 1.5 Conjurations
 + Level 5.0 Hexes
 + Level 8.5 Charms
 + Level 4.7 Necromancy
 + Level 1.2 Translocations
 * Level 6.3 Ice Magic
 + Level 6.7 Invocations
 * Level 8.9 Evocations


You had 12 spell levels left.
You knew the following spells:

 Your Spells              Type           Power        Failure   Level  Hunger
a - Song of Slaying       Chrm           ####....     1%          2    None
b - Shroud of Golubria    Chrm/Tloc      ###...       3%          2    None
c - Bolt of Cold          Conj/Ice       ###.......   99%         6    #######
e - Spectral Weapon       Hex/Chrm       ####....     3%          3    ##.....
g - Regeneration          Chrm/Necr      ####......   3%          3    ##.....

Your spell library contained the following spells:

 Spells                   Type           Power        Failure   Level  Hunger
 Infusion                 Chrm           ####         1%          1    None
 Animate Skeleton         Necr           N/A          2%          1    None
 Corona                   Hex            ###....      2%          1    None
 Pain                     Necr           ###.         2%          1    None
 Slow                     Hex            ###.....     3%          2    None
 Vampiric Draining        Necr           ###.......   8%          3    ##.....
 Portal Projectile        Hex/Tloc       ###...       14%         3    ##.....
 Inner Flame              Hex/Fire       ##......     19%         3    ##.....
 Cause Fear               Hex            ###.......   22%         4    ####...
 Animate Dead             Necr           N/A          26%         4    ####...
 Ice Form                 Ice/Tmut       ###.....     43%         4    ####...
 Metabolic Englaciation   Hex/Ice        ###.......   43%         5    #####..
 Leda's Liquefaction      Hex/Erth       ##........   52%         4    ####...
 Ozocubu's Refrigeration  Ice            ###.......   90%         6    #######
 Simulacrum               Ice/Necr       ###.......   95%         6    #######
 Freezing Cloud           Conj/Ice/Air   ##........   100%        6    #######


Dungeon Overview and Level Annotations

Branches:
Dungeon (15/15)            Temple (0/1) D:7            Lair (1/6) D:8
    Orc (1/2) D:9          Vaults (0/5) D:14         Bailey (visited)
  IceCv (visited)
 Depths: D:15

Altars:
Ashenzari
Cheibriados
Dithmenos
Fedhas
Nemelex Xobeh
Ru
Zin
The Shining One
Jiyva

Shops:
D:4 %   D:14 *

Annotations:
D:6 Eustachio
Orc:1 Urug


Innate Abilities, Weirdness & Mutations

You are very small and have problems with some larger weapons.
You are too small for most types of armour.
You have supernaturally acute eyesight. (SInv)
You are a herbivore.
You cover ground extremely quickly.
You need to consume almost no food.


Message History

Casting: Spectral Weapon (safe; 3% risk of failure)
Confirm with . or Enter, or press ? or * to list all spells.
Your skin crawls.
Urug screams, "I'm goin' to kill you!
Now!"
You block Urug's attack.
You hit Urug but do no damage.
Urug is heavily wounded.
Your spectral weapon closely misses Urug.
You block Urug's attack.
You hit Urug but do no damage.
Urug is heavily wounded.
Your spectral weapon misses Urug.
You hit Urug but do no damage.
Urug is heavily wounded.
Your spectral weapon hits Urug.
You hit Urug.
Urug is heavily wounded.
Your spectral weapon closely misses Urug.
Urug hits you with a +5 glaive!!
You die...

######...........
###..###...........
##.....###..#.......
###........####.....#.
##.##..................
#....#....#....)......>
#..........((.........
#...................
#(o@................
#........#.......#...
##.............##....
#....#......#####...
#.....#.#.#.#####...
#.......#.......##..
..................o.
##..#.^$...###)).....
.... ##).....


You could see Urug and a friendly spectral +4 vampiric short sword.

Vanquished Creatures
  2 orc warlords
  Snorg (D:9)
  Erolcha (D:13)
  A centaur warrior (D:13)
  2 dancing weapons
  3 two-headed ogres
  An orc high priest (Orc:1)
  A tengu warrior (D:15)
  A fire crab (D:13)
  An unseen horror (D:13)
  An orc knight (Bailey)
  2 wolf spider zombies
  A necromancer (IceCv)
  9 ugly things
  A shining eye (shapeshifter) (D:14)
  A deep elf mage (D:13)
  An orc sorcerer (Orc:1)
  4 cyclopes
  2 manticores
  A centaur zombie (D:14)
  Psyche (D:8)
  3 gargoyles
  A kobold demonologist (D:13)
  A komodo dragon (Lair:1)
  2 rime drakes (D:12)
  11 freezing wraiths
  A harpy zombie (D:14)
  5 trolls
  A hornet (D:11)
  4 slime creatures
  Grinder (D:6)
  3 hippogriffs
  A vampire (D:13)
  A wyvern (D:14)
  3 fire bats (Abyss:2)
  A shadow (D:15)
  14 yaks
  A death yak simulacrum (IceCv)
  4 hungry ghosts
  9 vampire mosquitoes
  Menkaure (D:6)
  A steam dragon (D:15)
  2 wargs (Orc:1)
  4 water moccasins
  2 porcupines (Lair:1)
  22 orc warriors
  A swamp drake (D:9)
  A hornet zombie (D:15)
  9 ice beasts
  4 black bears
  An eye of draining (D:14)
  3 phantoms
  4 sky beasts
  7 ogres
  6 centaurs
  A big kobold (D:7)
  8 bullfrogs
  A small abomination (Abyss:3)
  6 scorpions
  5 killer bees
  3 howler monkeys
  19 wights
  7 crimson imps
  2 draconian simulacra (IceCv)
  2 bullfrog zombies
  5 jellies
  4 bullfrog skeletons
  9 hounds
  7 orc priests
  7 centaur skeletons
  3 iguanas
  Natasha (thrice) (D:2)
  13 orc wizards
  8 worker ants
  5 troll simulacra (IceCv)
  A spriggan simulacrum (IceCv)
  A polar bear simulacrum (IceCv)
  2 wolf simulacra (IceCv)
  A killer bee zombie (D:9)
  3 centaur simulacra (IceCv)
  18 gnolls
  5 naga simulacra (IceCv)
  15 adders
  4 ogre simulacra (IceCv)
  3 shadow imps
  12 white imps (IceCv)
  7 oozes
  2 adder skeletons (D:4)
  3 worms
  2 dart slugs
  7 leopard geckos
  58 orcs
  10 giant cockroaches
  31 hobgoblins
  5 quokkas
  10 bats
  3 frilled lizards
  24 goblins
  13 kobolds
  5 rats
536 creatures vanquished.

Vanquished Creatures (others)
  An unseen horror (D:13)
  An ice statue (IceCv)
  A harpy zombie (D:14)
  A slime creature (D:14)
  A flying skull (Abyss:2)
  An acid dragon (D:14)
  21 spectral weapons
27 creatures vanquished.

Grand Total: 563 creatures vanquished

Notes
Turn   | Place    | Note
-------+----------+-------------------------------------------
     0 | Abyss:1  | Esekla the Spriggan Abyssal Knight began the quest for the
                  | Orb.
     0 | Abyss:1  | Reached XP level 1. HP: 11/11 MP: 3/3
     0 | Abyss:1  | Found a corrupted altar of Lugonu.
   192 | Abyss:2  | Noticed a large abomination
   195 | Abyss:2  | Noticed a Hell Sentinel
   213 | Abyss:2  | Noticed an Executioner
   224 | D:1      | Escaped the Abyss
   744 | D:1      | Reached XP level 2. HP: 8/16 MP: 4/4
   899 | D:2      | Noticed Natasha
   916 | D:1      | Reached * piety under Lugonu
  1078 | D:1      | Reached skill level 3 in Short Blades
  1188 | D:1      | Reached XP level 3. HP: 19/19 MP: 5/5
  1312 | D:1      | Reached skill level 1 in Throwing
  1534 | D:2      | Killed Natasha
  1639 | D:1      | Reached skill level 1 in Stealth
  1829 | D:2      | Reached XP level 4. HP: 13/23 MP: 6/6
  2212 | D:2      | Noticed Natasha
  2223 | D:2      | Killed Natasha
  2223 | D:2      | Reached skill level 5 in Dodging
  2224 | D:2      | Found a sparkling altar of Nemelex Xobeh.
  2919 | D:2      | Noticed Natasha
  2927 | D:2      | Killed Natasha
  2927 | D:2      | Reached skill level 4 in Short Blades
  3062 | D:3      | Reached XP level 5. HP: 27/27 MP: 7/7
  3092 | D:3      | Found a shattered altar of Ashenzari.
  3499 | D:3      | Reached ** piety under Lugonu
  3918 | D:3      | Reached skill level 5 in Short Blades
  4300 | D:2      | Reached XP level 6. HP: 32/32 MP: 8/8
  5180 | D:3      | Reached skill level 6 in Short Blades
  5483 | D:4      | Found Uzaapeoc's Food Shop.
  5514 | D:4      | Reached *** piety under Lugonu
  6395 | D:4      | Reached XP level 7. HP: 35/35 MP: 9/9
  6633 | D:5      | Entered Level 5 of the Dungeon
  6704 | D:5      | Reached skill level 7 in Short Blades
  6740 | D:5      | Found a shadowy altar of Dithmenos.
  7173 | D:5      | You fall into a shaft and drop 1 floor!
  7374 | D:6      | Noticed Menkaure
  7383 | D:6      | Noticed Grinder
  7774 | D:5      | Found a glowing golden altar of the Shining One.
  7824 | D:5      | Found a snail-covered altar of Cheibriados.
  8268 | D:6      | Noticed Eustachio
  8311 | D:7      | Reached skill level 8 in Short Blades
  8327 | D:7      | Reached XP level 8. HP: 39/39 MP: 11/11
  8440 | D:7      | Found a staircase to the Ecumenical Temple.
  8839 | D:7      | Reached skill level 9 in Short Blades
  9686 | D:6      | Killed Grinder
  9725 | D:6      | Killed Menkaure
  9725 | D:6      | Reached skill level 10 in Short Blades
  9857 | D:6      | Reached skill level 5 in Stealth
  9868 | D:6      | Reached XP level 9. HP: 27/43 MP: 12/12
 10162 | D:6      | Reached **** piety under Lugonu
 10428 | D:8      | Reached skill level 11 in Short Blades
 10481 | D:8      | Found a sacrificial altar of Ru.
 10573 | D:8      | Found a staircase to the Lair.
 10609 | Lair:1   | Entered Level 1 of the Lair of Beasts
 10764 | Lair:1   | Noticed a komodo dragon
 10881 | Lair:1   | Killed a komodo dragon
 10893 | Lair:1   | Reached skill level 12 in Short Blades
 11184 | Lair:1   | Noticed a rime drake
 11376 | D:8      | Noticed Psyche
 11411 | D:8      | Killed Psyche
 11411 | D:8      | Reached skill level 5 in Invocations
 11411 | D:8      | Reached XP level 10. HP: 47/47 MP: 14/14
 11417 | D:8      | Found a glowing silver altar of Zin.
 12368 | D:9      | Learned a level 3 spell: Regeneration
 12610 | D:9      | Reached skill level 1 in Charms
 12667 | D:9      | Reached skill level 1 in Spellcasting
 12705 | D:9      | Found a staircase to the Orcish Mines.
 12770 | D:9      | Reached ***** piety under Lugonu
 12827 | Orc:1    | Entered Level 1 of the Orcish Mines
 12827 | Orc:1    | Noticed Snorg
 12839 | Orc:1    | Noticed an orc sorcerer
 12895 | D:9      | Killed Snorg
 12895 | D:9      | Reached skill level 1 in Necromancy
 12895 | D:9      | Reached skill level 1 in Evocations
 12905 | Orc:1    | Noticed an orc high priest
 12915 | Orc:1    | Noticed a sixfirhy
 12915 | Orc:1    | Noticed an orange demon
 13094 | D:9      | Reached skill level 10 in Dodging
 13207 | D:10     | Entered Level 10 of the Dungeon
 13744 | D:10     | Found a blossoming altar of Fedhas.
 13770 | D:10     | HP: 1/47 [wight/cursed +4 great sword of freezing (5)]
 13871 | D:10     | Learned a level 2 spell: Song of Slaying
 13892 | D:10     | Learned a level 3 spell: Spectral Weapon
 14091 | D:10     | Reached skill level 1 in Hexes
 14706 | D:11     | Reached XP level 11. HP: 50/51 MP: 12/16
 15792 | D:12     | Reached skill level 5 in Charms
 15803 | D:12     | Found a flagged portal.
 15816 | Bailey   | Entered a bailey
 15901 | Bailey   | Reached ****** piety under Lugonu
 16046 | Bailey   | Identified a +5 dagger of distortion (a +3 dagger corrupted
                  | by Lugonu)
 16046 | Bailey   | Received a gift from Lugonu
 16235 | Bailey   | Noticed an orc knight
 16295 | Bailey   | Killed an orc knight
 16423 | Bailey   | Noticed an orc warlord
 16553 | Bailey   | Reached skill level 13 in Short Blades
 16590 | Bailey   | Got a dull robe
 16602 | Bailey   | Identified a scroll of acquirement
 16603 | Bailey   | Identified the +2 robe "Lusiexu" {+Inv rPois rCorr Dex+4}
                  | (You found it in a bailey)
 16672 | Bailey   | Killed an orc warlord
 16672 | Bailey   | Reached skill level 5 in Spellcasting
 16715 | D:12     | Noticed a green ugly thing
 16720 | D:12     | Found a frozen archway.
 16740 | IceCv    | Entered an ice cave
 17311 | IceCv    | Reached XP level 12. HP: 27/56 MP: 9/21
 17640 | IceCv    | Reached skill level 1 in Long Blades
 17783 | IceCv    | Found an ancient bone altar of Kikubaaqudgha.
 17966 | IceCv    | Reached skill level 10 in Stealth
 18456 | IceCv    | Reached skill level 1 in Ice Magic
 18715 | IceCv    | Learned a level 2 spell: Shroud of Golubria
 18996 | D:12     | Noticed a two-headed ogre
 19299 | D:12     | Found a viscous altar of Jiyva.
 19395 | D:12     | Noticed a two-headed ogre
 19415 | D:12     | Killed a two-headed ogre
 19415 | D:12     | Reached skill level 5 in Evocations
 19535 | D:12     | Killed a two-headed ogre
 19705 | D:13     | Noticed Erolcha
 19712 | D:13     | Killed Erolcha
 19756 | D:13     | You fall into a shaft and drop 2 floors!
 19756 | D:15     | Entered Level 15 of the Dungeon
 19885 | D:15     | Noticed a tengu warrior
 19890 | D:15     | Killed a tengu warrior
 20050 | D:15     | Reached skill level 1 in Translocations
 20142 | D:15     | Noticed a fire dragon
 20203 | D:15     | Reached XP level 13. HP: 50/60 MP: 24/24
 20494 | D:14     | Found Ceippa Ynkosm's Assorted Antiques.
 20837 | D:13     | Reached skill level 5 in Ice Magic
 21258 | Abyss:1  | Noticed a starcursed mass
 21330 | Abyss:1  | Reached skill level 5 in Long Blades
 21330 | Abyss:1  | Reached XP level 14. HP: 18/66 MP: 21/25
 21390 | Abyss:2  | Noticed a bone dragon
 21489 | Abyss:2  | Noticed a starcursed mass
 21523 | Abyss:2  | Noticed a tentacled starspawn
 21564 | Abyss:3  | Found a corrupted altar of Lugonu.
 21631 | Abyss:3  | Noticed a hellephant
 21707 | Abyss:3  | Noticed a tentacled starspawn
 21747 | Abyss:3  | Noticed a tentacled starspawn
 21827 | D:13     | Escaped the Abyss
 22329 | D:14     | Bought a scroll labeled QAVUME RUHAGIUCU for 34 gold pieces
 22383 | D:14     | Learned a level 6 spell: Bolt of Cold
 22864 | D:14     | Reached skill level 5 in Hexes
 22983 | D:14     | Found a gate to the Vaults.
 23561 | Orc:1    | Reached skill level 1 in Conjurations
 23564 | Orc:1    | HP: 2/66 [orc warrior/+0 scimitar[an orc high priest] (18)]
 23686 | Orc:1    | Noticed Urug
 23951 | Orc:1    | Noticed an orc warlord
 24023 | D:9      | Killed an orc warlord
 24249 | Orc:1    | HP: 3/66 [Urug/javelin (27)]
 24447 | Orc:1    | Slain by Urug

Levels and vault maps discovered:
D:1:      evilmike_arrival_rings, layout_basic, item_on_display_a
D:2:      layout_loops_ring, overflow_temple_1_default, uniq_natasha
D:3:      minmay_thinvault, layout_rooms, ashenzari_altar_1,
          minmay_fractal_squares_gapless_5
D:4:      layout_loops_ring, serial_shops, shop, first_ration
D:5:      layout_basic, nicolae_overflow_hidden_temple, marbit_many_paths,
          lemuel_coloured_pillars_altar
D:6:      layout_cave_pools, serial_rivers, chequers_serial_rivers_small_b,
          chequers_serial_rivers_micro_b, chequers_serial_rivers_room_a,
          chequers_serial_rivers_small_a, chequers_serial_rivers_micro_d,
          chequers_serial_rivers_micro_c, minmay_bent, uniq_eustachio,
          uniq_grinder, uniq_menkaure
D:7:      layout_loops_ring, minmay_temple_entry_large_hall
D:8:      layout_basic, kennysheep_little_box, dpeg_oklobed_lair, basic_altar,
          uniq_psyche
D:9:      layout_stronghold, erik_orc_1
D:10:     layout_small_grid, basic_altar
D:11:     layout_loops_corners
D:12:     layout_rooms, portal_ice_cave_rime, enter_bailey_2,
          hangedman_little_slice_of_home
D:13:     layout_gridville, nicolae_straight_to_the_point, uniq_erolcha
D:14:     layout_loops_ring, erik_vaults_1, serial_shops, shop, corner_web_ring,
          minmay_joined_circles
D:15:     grunt_enter_depths_hoard, layout_loops_corners
Lair:1:   layout_long_grid, pond, infiniplex_staircase_pool
Orc:1:    layout_caves, uniq_urug, uniq_snorg

Skill      XL: |  1  2  3  4  5  6  7  8  9 10 11 12 13 14 |
---------------+-------------------------------------------+-----
Dodging        | 4 5 6 7 8 10 11 12 | 12.9
Short Blades   | 3 4 5 6 8 10 12 13 | 13.4
Throwing       | 1 2 |  2.6
Invocations    | 2 3 5 6 |  6.7
Stealth        | 1 2 3 5 6 8 9 10 | 10.1
Charms         | 3 6 7 8 |  8.5
Spellcasting   | 3 5 6 7 |  7.5
Necromancy     | 2 3 4 |  4.7
Evocations     | 2 3 5 8 |  8.9
Hexes          | 1 4 5 |  5.0
Long Blades    | 3 5 6 |  6.9
Ice Magic      | 4 5 6 |  6.3
Fighting       | 3 4 |  4.0
Translocations | 1 |  1.2
Shields        | 2 3 |  3.4
Conjurations   | 1 |  1.5
Armour         | |  0.8

Action                   |  1- 3 |  4- 6 |  7- 9 | 10-12 | 13-15 || total
-------------------------+-------+-------+-------+-------+-------++-------
Melee: Short sword       |    75 |   285 |   412 |  1481 |   278 ||  2531
       Dagger            |       |       |       |    11 |       ||    11
       Falchion          |       |       |       |       |   131 ||   131
       Long sword        |       |       |       |       |   149 ||   149
       Trident           |       |       |       |       |     1 ||     1
Throw: Boomerang         |    28 |    45 |    43 |   110 |     6 ||   232
       Dart              |       |       |    26 |    42 |    28 ||    96
 Cast: Regeneration      |       |       |       |    46 |    45 ||    91
       Spectral Weapon   |       |       |       |    50 |    27 ||    77
       Shroud of Golubri |       |       |       |     2 |     5 ||     7
Invok: Depart the Abyss  |     1 |       |       |       |     1 ||     2
       Bend Space        |       |     1 |     1 |       |     3 ||     5
       Brand Weapon With |       |       |       |     1 |       ||     1
       Enter the Abyss   |       |       |       |       |     1 ||     1
Evoke: Wand              |       |       |       |    21 |     9 ||    30
  Use: Potion            |     1 |     1 |       |     5 |    14 ||    21
       Scroll            |       |     4 |    18 |     7 |    12 ||    41
 Stab: Sleeping          |     1 |     5 |    10 |    42 |    13 ||    71
       Confused          |       |       |       |     6 |       ||     6
       Distracted        |       |       |       |    19 |     9 ||    28
       Invisible         |       |       |       |       |     8 ||     8
  Eat: Ration            |       |     2 |     3 |    12 |     6 ||    23
Armor: Robe              |     7 |    14 |    21 |    28 |    14 ||    84
       Troll leather arm |       |       |       |       |     6 ||     6
Dodge: Dodged            |    64 |   161 |   207 |   711 |   403 ||  1546
Block: Other             |       |    14 |    43 |    77 |    84 ||   218
       Reflection        |       |       |       |     1 |     4 ||     5
       Rpst.: Falchion   |       |       |       |       |    24 ||    24
       Long sword        |       |       |       |       |    43 ||    43
